 Dungeon Crawl Stone Soup version 0.30-a0-1085-g990a428a5c (webtiles) character file.

Game seed: 2249146743369867553

49 tilp the Digger (level 4, 0/36 HPs)
             Began as a Meteoran Earth Elementalist on Apr 17, 2023.
             Slain by an iguana (6 damage)
             ... on level 4 of the Dungeon.
             The game lasted 00:04:11 (810 turns).

tilp the Digger (Meteoran Earth Elementalist)        Turns: 810, Time: 00:04:12

Health: 0/36       AC:  2    Str:  9    XL:     4   Next: 20%
Magic:  4/9        EV: 13    Int: 18    God:
Gold:   124        SH:  0    Dex: 15    Spells: 5/9 levels left

rFire   . . .      SeeInvis .    a - +0 short sword
rCold   . . .      Faith    .    (no shield)
rNeg    . . .      Spirit   .    e - +0 robe
rPois   .          Reflect  .    (no helmet)
rElec   .          Rampage  .    (no cloak)
rCorr   .                        (no gloves)
Will    .....                    (no boots)
Stlth   +                        (no amulet)
HPRegen 0.26/turn                (no ring)
MPRegen 0.11/turn                (no ring)

@: glowing
A: sense surroundings 1, otherworldly, glowing, explore regen
a: no special abilities


You were on level 4 of the Dungeon.
You visited 1 branch of the dungeon, and saw 4 of its levels.

You collected 124 gold pieces.

Inventory:

Hand Weapons
 a - a +0 short sword (weapon)
Missiles
 k - 7 stones
Armour
 e - a +0 robe (worn)
Magical Staves
 d - a staff of death
Scrolls
 c - a scroll of identify
 f - 3 scrolls of enchant armour {unknown}
 h - a scroll of teleportation {unknown}
Potions
 b - a potion of magic
 g - a potion of mutation
 i - a potion of degeneration {unknown}
 j - a potion of might {unknown}


   Skills:
 * Level 2.0 Fighting
 + Level 2.9 Dodging
 - Level 1.4 Stealth
 + Level 3.1 Spellcasting
 - Level 1.2 Transmutations
 * Level 4.3 Earth Magic


You had 5 spell levels left.
You knew the following spells:

 Your Spells              Type           Power      Damage    Failure   Level
a - Sandblast             Erth           36%        2d10      2%          1
b - Stone Arrow           Conj/Erth      20%        3d8       21%         3

Your spell library contained the following spells:

 Spells                   Type           Power      Damage    Failure   Level
 Passwall                 Tmut/Erth      10%        N/A       8%          2
 Petrify                  Tmut/Erth      12%        N/A       45%         4


Dungeon Overview and Level Annotations

Branches:
Dungeon (4/15) Zot: 1562
 Temple: D:4-7

Altars:
Ru

Shops:
D:3 (

Annotations:
D:4 adept's ghost, amateur TrFi


Innate Abilities, Weirdness & Mutations

You passively map a small area around you.
You are easily found by Zot.
You glow in the dark.
You regain HP and MP as you explore.


Message History

Press: ? - help, Shift-Dir - straight line, f/p - iguana
Aim: an iguana (84% to hit)
The blast of sand hits the iguana but does no damage.
The iguana closely misses you. The iguana bites you!
Unknown command.
Casting: Sandblast (safe; 2% risk of failure)
Confirm with . or Enter, or press ? or * to list all spells.
Aiming: Sandblast (safe; 2% risk of failure)
Press: ? - help, Shift-Dir - straight line, f/p - iguana
Aim: an iguana (84% to hit)
The blast of sand hits the iguana.
The iguana is moderately wounded.
The iguana bites you!
Unknown command.
Casting: Sandblast (safe; 2% risk of failure)
Confirm with . or Enter, or press ? or * to list all spells.
Aiming: Sandblast (safe; 2% risk of failure)
Press: ? - help, Shift-Dir - straight line, f/p - iguana
Aim: an iguana (moderately wounded, 84% to hit)
The blast of sand hits the iguana.
The iguana is severely wounded.
The iguana completely misses you. The iguana bites you.
Unknown command.
Casting: Sandblast (safe; 2% risk of failure)
Confirm with . or Enter, or press ? or * to list all spells.
Aiming: Sandblast (safe; 2% risk of failure)
Press: ? - help, Shift-Dir - straight line, f/p - iguana
Aim: an iguana (severely wounded, 84% to hit)
The blast of sand misses the iguana.
The iguana bites you!
* * * LOW HITPOINT WARNING * * *
Unknown command.
Casting: Sandblast (safe; 2% risk of failure)
Confirm with . or Enter, or press ? or * to list all spells.
Aiming: Sandblast (safe; 2% risk of failure)
Press: ? - help, Shift-Dir - straight line, f/p - iguana
Aim: an iguana (severely wounded, 84% to hit)
The blast of sand hits the iguana but does no damage.
The iguana is severely wounded.
The iguana bites you.
You die...

##...## #...
###..######...
##...##..... #####
###....#).. #...#
#........ #...#
#.#...### #...#
#...#..##
#...########..###†..
#..@.........####...
#..l..............#.
#...#.........####..
#...##.............#
#...##.......#....##
#...##.##.####.##...
#####.....##...####.
#.....###..### ##
#.........##


You could see an iguana.

Vanquished Creatures
  An adder (D:4)
  An ufetubus (D:3)
  A dart slug (D:3)
  2 orcs (D:4)
  3 endoplasms (D:4)
  A giant cockroach (D:1)
  3 hobgoblins
  2 quokkas (D:4)
  2 ball pythons
  3 bats
  3 frilled lizards
  6 goblins
  A kobold (D:1)
  2 rats
31 creatures vanquished.

Notes
Turn   | Place    | Note
-------+----------+-------------------------------------------
     0 | D:1      | tilp the Meteoran Earth Elementalist began the quest for
                  | the Orb.
     0 | D:1      | Reached XP level 1. HP: 14/14 MP: 5/5
    81 | D:1      | Reached XP level 2. HP: 22/22 MP: 1/6
   247 | D:3      | Reached skill level 1 in Fighting
   347 | D:3      | Found Nesir's Antique Weapon Shoppe.
   385 | D:3      | Reached skill level 4 in Earth Magic
   385 | D:3      | Reached XP level 3. HP: 15/28 MP: 5/8
   393 | D:3      | Learned a level 3 spell: Stone Arrow
   498 | D:3      | Found a sacrificial altar of Ru.
   552 | D:3      | Found a faded altar of an unknown god.
   623 | D:4      | Noticed adept's ghost (amateur TrFi)
   624 | D:4      | Noticed an ice beast
   689 | D:4      | Reached XP level 4. HP: 36/36 MP: 6/9
   810 | D:4      | Slain by an iguana

Illustrated notes

Levels and vault maps discovered:
D:1:      dpeg_arrival_arbitrary_c, layout_basic
D:2:      layout_loops_cross, uniq_crazy_yiuf_cottage
D:3:      layout_basic, mainiacjoe_overflow_concentric_impassable, serial_shops,
          nicolae_shop_just_a_little_nook, chequers_ecumenical_altar_island,
          minmay_ogre_servants
D:4:      layout_rooms, gammafunk_ghost_icy, amcnicky_mini_rare_corridor_liquid

Skill      XL: |  1  2  3  4 |
---------------+-------------+-----
Fighting       | 1 2 |  2.0
Earth Magic    | 4 |  4.3
Spellcasting   | 3 |  3.1
Dodging        | |  2.9
Stealth        | |  1.4
Transmutations | |  1.2

Action                     |  1- 3 |  4- 6 || total
---------------------------+-------+-------++-------
  Melee: Short sword       |     3 |       ||     3
   Cast: Sandblast         |    35 |    10 ||    45
    Use: Scroll            |     5 |       ||     5
  Dodge: Dodged            |     9 |     2 ||    11

Table legend: (Time is in decaauts)
 A = Elapsed time spent in this place.
 B = Non-inter-level travel time spent in this place.
 C = Inter-level travel time spent in this place.
 D = Time resting spent in this place.
 E = Time spent auto-exploring this place.
 F = Levels seen in this place.
 G = Mean time per level.
                   A        B        C        D        E       F      G
               +--------+--------+--------+--------+--------+-----+--------+
         Total |    836 |    744 |     92 |      0 |      0 |   4 |  209.0 |
       Dungeon |    836 |    744 |     92 |      0 |      0 |   4 |  209.0 |
               +--------+--------+--------+--------+--------+-----+--------+

Top non-repeatable levels by time:
     D:3: 307 daAuts
     D:1: 200 daAuts
     D:4: 182 daAuts
     D:2: 145 daAuts
